AoeStats
← ecerva.27

Arena

507903515Analyzed
1v1 RM · 13d ago on Sep 20, 2026· 43m 19s· 2 players
Game mode
Random Map
Map size
Tiny (2 player)
Population
200
Speed
Normal
Resources
Standard
Victory
Conquest
Starting age
Dark Age
Ending age
Imperial Age
RankedLock teamsTeams togetherTeam positionsShared explorationLock speedFull tech treeHidden civsTurbo modeCheats
Victory
Defeat
🇨🇴 Italians · Colombia
1221
+14
🇲🇽 Sicilians · Mexico
1181
-14
ecerva.27
10:07 Feudal Age
14:48 Castle Age
16:13 Loom
20:21 Double-Bit Axe
21:47 Horse Collar
24:28 Wheelbarrow
24:14 Gold Mining
24:28 Heavy Plow
28:52 Imperial Age
27:22 Hand Cart
27:46 Bow Saw
30:45 Chemistry
29:10 Elite Skirmisher
30:30 Conscription
30:20 Padded Archer Armor
30:11 Fletching
32:51 Leather Archer Armor
32:32 Bodkin Arrow
32:47 Forging
32:38 Scale Mail Armor
33:09 Ballistics
33:21 Squires
33:06 Arson
33:07 Gambesons
35:05 Bracer
35:51 Cavalier
36:32 Husbandry
40:33 Scale Barding Armor
41:04 Iron Casting
jchernandez2
9:56 Feudal Age
14:27 Castle Age
13:04 Double-Bit Axe
14:03 Loom
16:05 Fletching
18:51 Sanctity
20:43 Horse Collar
26:57 Imperial Age
25:24 Bodkin Arrow
27:16 Masonry
29:11 Chemistry
30:38 Conscription
30:28 Bracer
32:51 Ballistics
38:53 Padded Archer Armor
40:50 Leather Archer Armor
43:21 Thumb Ring
Connection lost

Rejoining the realm…

Still unreachable

The connection could not be restored.

Session expired

The server has moved on; the page needs a fresh start.